 Dungeon Crawl Stone Soup version 0.21-a0-49-g7bf2ba4 (webtiles) character file.

384 Duffy the Chopper (level 6, -1/56 HPs)
             Began as a Naga Fighter on June 9, 2017.
             Killed by nerve-wracking pain
             ... invoked by an orc priest
              (14 damage)
             ... on level 4 of the Dungeon.
             The game lasted 00:05:41 (4893 turns).

Duffy the Chopper (Naga Fighter)                    Turns: 4893, Time: 00:05:42

Health: -1/56      AC: 12    Str: 21    XL:     6   Next: 77%
Magic:  6/6        EV:  4    Int:  8    God:
Gold:   178        SH:  9    Dex: 10    Spells: 5/5 levels left

rFire    . . .     SeeInvis +   a - +0 war axe
rCold    . . .     Gourm    .   c - +0 shield
rNeg     . . .     Faith    .   y - +0 chain mail
rPois    +         Spirit   .   u - +0 helmet
rElec    .         Reflect  .   m - +0 cloak
rCorr    .         Harm     +   C - +1 pair of gloves
MR       .....                  (no barding)
Stlth    ..........             t - amulet of harm
Regen    0.2/turn               (no ring)
MPRegen  0.1/turn               g - +1 ring of protection

@: very slow
A: see invisible, deformed body, poison resistance, slowness 2, slow metabolism
1, spit poison 1, AC +2
a: Spit Poison


You were on level 4 of the Dungeon.
You were not hungry.

You visited 1 branch of the dungeon, and saw 4 of its levels.

You collected 178 gold pieces.

Inventory:

Hand Weapons
 a - a +0 war axe (weapon)
 A - a +0 blowgun
Missiles
 j - a throwing net (quivered)
Armour
 c - a +0 shield (worn)
 m - a +0 cloak (worn)
 u - a +0 helmet (worn)
 y - a +0 chain mail (worn)
 C - a +1 pair of gloves (worn)
Jewellery
 g - a +1 ring of protection (right hand)
 t - an amulet of harm (around neck)
Scrolls
 e - 2 scrolls of enchant weapon {unknown}
 h - a scroll of teleportation {unknown}
 i - 2 scrolls of immolation {unknown}
 k - 2 scrolls of recharging {unknown}
 p - 4 scrolls of identify {unknown}
 q - 2 scrolls of remove curse {unknown}
 x - 2 scrolls of fog {unknown}
 z - 2 scrolls of enchant armour {unknown}
Potions
 b - 2 potions of berserk rage {unknown}
 d - a potion of might
 n - a potion of lignification {unknown}
 r - a potion of resistance {unknown}
 s - 2 potions of curing
 v - 2 potions of haste {unknown}
 B - 2 potions of invisibility {unknown}
Comestibles
 f - a bread ration
 l - a royal jelly
 o - 2 meat rations
 D - a chunk of flesh


   Skills:
 - Level 3.0 Fighting
 + Level 5.2 Axes
 - Level 2.4 Armour
 + Level 4.5 Shields


You had 5 spell levels left.
You didn't know any spells.

Dungeon Overview and Level Annotations

Branches:
Dungeon (4/15)
 Temple: D:4-7

Altars:
Fedhas
Nemelex Xobeh
The Shining One

Shops:
D:4 }

Annotations:
D:3 roguesci's ghost, amateur NaTm


Innate Abilities, Weirdness & Mutations

You cannot wear boots.
Your serpentine skin is tough. (AC +2)
You have supernaturally acute eyesight. (SInv)
Armour fits poorly on your strangely shaped body.
Your system is resistant to poisons. (rPois)
You cover ground very slowly.
You have a slow metabolism.
You can spit poison.


Message History

The orc priest is almost dead.
You feel slightly more hungry. You block the orc priest's attack.
The orc barely misses you.
Your chain mail prevents you from hitting the orc priest.
The orc priest is almost dead.
You closely miss the orc. You barely miss the orc. You block the orc's attack.
The orc priest calls down the wrath of Beogh upon you.
Pain shoots through your body! You block the orc's attack.
You hit the orc priest but do no damage.
The orc priest is almost dead.
You hit the orc. x2
You have got your breath back.
The orc priest hits you but does no damage.
The orc hits you but does no damage. x2
The orc priest hits you but does no damage.
It was a potion of curing.
You feel better. The orc hits you but does no damage.
The orc priest mumbles some strange prayers to Beogh against you.
Pain shoots through your body!
You die...

#.....##.#>[...#
#)....##.#.....###########
#.######.#................
#..# #.#.....###########
##.## #.#.....# #<#
#..####.#.....# #.#
##.#.....###### #.#
#.#...oo# #.# #.....o@#
#.# ####......# #.#
#........## #.#
#####........# #.#
#............# #.#
#.........##.# #.#
#..........#.# #.#
#........#.#.# #.#
#........#.#.# #.#


You could see an orc priest and 2 orcs.

Vanquished Creatures
  An ogre (D:4)
  A scorpion (D:3)
  A howler monkey (D:4)
  Crazy Yiuf (D:2)
  A hound skeleton (D:4)
  Robin (D:2)
  6 adders
  A howler monkey skeleton (D:4)
  2 oozes
  A worm (D:3)
  A dart slug (D:4)
  3 leopard geckos
  4 giant cockroaches
  7 hobgoblins
  6 jackals
  7 kobolds
  3 quokkas
  8 bats
  2 frilled lizards
  12 goblins
  13 rats
82 creatures vanquished.

Notes
Turn   | Place    | Note
-------+----------+-------------------------------------------
     0 | D:1      | Duffy the Naga Fighter began the quest for the Orb.
     0 | D:1      | Reached XP level 1. HP: 21/21 MP: 1/1
   111 | D:1      | Reached XP level 2. HP: 25/28 MP: 2/2
   527 | D:1      | Reached XP level 3. HP: 34/34 MP: 3/3
   694 | D:2      | Noticed Robin
   717 | D:1      | Reached skill level 3 in Axes
   948 | D:2      | Killed Robin
  1193 | D:2      | Reached XP level 4. HP: 31/42 MP: 4/4
  1539 | D:2      | Found a runed door.
  1676 | D:2      | Noticed Crazy Yiuf
  1684 | D:2      | Killed Crazy Yiuf
  2055 | D:3      | Found a glowing golden altar of the Shining One.
  2166 | D:3      | Reached XP level 5. HP: 49/49 MP: 5/5
  2296 | D:3      | Noticed roguesci's ghost (amateur NaTm)
  2597 | D:3      | Reached skill level 4 in Axes
  3811 | D:4      | Found a sparkling altar of Nemelex Xobeh.
  3853 | D:4      | Found a blossoming altar of Fedhas.
  3877 | D:4      | Found Lauwof's Gadget Boutique.
  4556 | D:4      | Reached XP level 6. HP: 56/56 MP: 6/6
  4595 | D:4      | Reached skill level 5 in Axes
  4893 | D:4      | Killed from afar by an orc priest

Vault maps used:
D:1:      dpeg_arrival_central
D:2:      first_bread, uniq_robin, uniq_crazy_yiuf_cottage
D:3:      tso_metal_star
D:4:      nicolae_overflow_crystal_walls, nemelex_xobeh_ov_fountains_minmay,
          serial_shops, shop

Skill      XL: |  1  2  3  4  5  6 |
---------------+-------------------+-----
Axes           | 3 4 5 |  5.2
Shields        | 3 4 |  4.5
Fighting       | |  3.0
Armour         | |  2.4

Action                   |  1- 3 |  4- 6 || total
-------------------------+-------+-------++-------
Melee: War axe           |   119 |   207 ||   326
 Abil: Spit Poison       |       |    11 ||    11
  Use: Potion            |       |     1 ||     1
  Eat: Chunk             |       |     8 ||     8
       Bread ration      |       |     1 ||     1
Armor: Scale mail        |    82 |    11 ||    93
       Chain mail        |       |   120 ||   120
Dodge: Dodged            |    34 |    24 ||    58
Block: Shield            |    74 |   110 ||   184
